[Event "Team 45 45 League T48"]
[Site "Internet Chess Club"]
[Date "2011.03.05"]
[Round "4"]
[White "radiohead"]
[Black "allanchs"]
[Result "1/2-1/2"]
[WhiteElo "1407"]
[BlackElo "1503"]
[Opening "QGD: Orthodox defense, Botvinnik variation"]
[ECO "D60"]
[Time "10:00:42"]
[TimeControl "2700+45"]

1. d4 d5 2. c4 e6 3. Nc3 Nf6 4. Nf3 Be7 5. Bg5 Nbd7 6. e3 O-O 7. Bd3 c6 8. O-O
dxc4 9. Bxc4 Nd5 10. Bxe7 Qxe7 11. a3 Nxc3 12. bxc3 c5 13. Re1 b6 14. e4 cxd4
15. cxd4 Bb7 16. h3 Nf6 17. Bd3 Rfd8 18. Bc2 Rac8 19. a4 Qc7 20. Rc1 Qc4 21. Bb3
Qxc1 22. Qxc1 Rxc1 23. Rxc1 Nxe4 24. Rc7 Nd6 25. Ne5 a6 26. Nc4 Nxc4 27. Bxc4
Bc8 28. Rc6 b5 29. axb5 axb5 30. Bxb5 Bb7 31. Rc7 Bd5 32. Rd7 Rxd7 33. Bxd7 Kf8
34. Bb5 Ke7 35. f3 Kd6 36. Kf2 f6 37. Bd3 g6 38. g4 e5 39. dxe5+ Kxe5 40. Ke3 f5
41. f4+ Ke6 42. g5 Bg2 43. Bc4+ Ke7 44. h4 Kf8 45. Kd4 Be4 46. Ke5 Bf3 47. Kf6
Bd1 {Game drawn by mutual agreement} 1/2-1/2

[Event "Team 45 45 League T48"]
[Site "Internet Chess Club"]
[Date "2011.03.05"]
[Round "4"]
[White "Ptzz"]
[Black "MikeA"]
[Result "1/2-1/2"]
[WhiteElo "2102"]
[BlackElo "2193"]
[Opening "English: ultra-symmetrical variation"]
[ECO "A36"]
[Time "11:00:09"]
[TimeControl "2700+45"]

1. c4 c5 2. g3 g6 3. Bg2 Bg7 4. Nc3 Nc6 5. a3 Nf6 6. Rb1 O-O 7. b4 cxb4 8. axb4
a6 9. Nf3 d6 10. O-O Bg4 11. d3 Nd7 12. Nd5 e6 13. Ne3 Bxf3 14. Bxf3 Qb6 15. Nc2
Nde5 16. Bg2 Qc7 17. h3 a5 18. bxa5 Rxa5 19. Be3 Ra2 20. Nb4 Nxb4 21. Rxb4 Nc6
22. Ra4 Rb2 23. Bc1 Rb6 24. Be3 Rb2 25. Bc1 Rb6 26. Re1 Qd7 27. Ra2 Rc8 28. Be3
Nd4 29. Qd2 d5 30. cxd5 exd5 31. Bxd4 Bxd4 32. Rc1 Rxc1+ 33. Qxc1 Kg7 34. e3 Rc6
35. Rc2 Bf6 36. d4 Bd8 37. Kh2 Qf5 38. Rxc6 bxc6 39. Kg1 Qe6 40. Qc5 Be7 41. Qc2
Bb4 42. Bf1 Qd6 43. Kg2 c5 44. dxc5 Bxc5 45. Be2 {Game drawn by mutual
agreement} 1/2-1/2

[Event "Team 45 45 League T48"]
[Site "Internet Chess Club"]
[Date "2011.03.06"]
[Round "4"]
[White "RedAttack"]
[Black "Jack-ONeill"]
[Result "1/2-1/2"]
[WhiteElo "1918"]
[BlackElo "2033"]
[Opening "Queen's pawn game, Darooha variation "]
[ECO "D02"]
[Time "10:01:37"]
[TimeControl "2700+45"]

1. d4 d5 2. Nf3 Nf6 3. g3 Bf5 4. Bg2 e6 5. O-O Be7 6. Nc3 O-O 7. Bf4 Nh5 8. Bd2
c5 9. e3 Nf6 10. Nh4 Bg4 11. f3 Bh5 12. Bh3 Ne4 13. Ng2 Ng5 14. Nf4 Nxh3+ 15.
Nxh3 Nc6 16. Nf4 Bg6 17. Nce2 cxd4 18. exd4 Bf6 19. Be3 Rc8 20. h4 Nb4 21. c3
Nc2 22. Nxg6 Nxe3 23. Qd3 hxg6 24. Qxe3 Re8 25. Rad1 Qb6 26. Qd2 e5 27. Kg2 exd4
28. Nxd4 Bxd4 29. cxd4 Qa6 30. Rfe1 Qxa2 31. Ra1 Qc4 32. Rxa7 Rxe1 33. Qxe1 Qc2+
34. Qf2 Qd1 35. Kh3 f5 36. b4 Qh1+ 37. Qh2 Qxf3 38. Qg2 Qg4+ 39. Kh2 Qxd4 40.
Ra5 Rd8 41. Rb5 b6 42. Qg1 Qxg1+ 43. Kxg1 Rd6 44. Kf2 Kf7 45. Ke3 Kf6 46. Kd3
Ke5 47. Ke3 Kf6 48. Kd3 d4 49. g4 f4 50. h5 gxh5 51. Rf5+ Kg6 52. Rxf4 Kg5 53.
Rf7 hxg4 54. Rxg7+ Kf4 55. Rf7+ Kg3 56. b5 Kg2 57. Rc7 g3 58. Rc6 Rd8 59. Rxb6
Kg1 60. Rg6 g2 61. b6 Rd7 62. Rg8 Kf2 63. Rf8+ Kg3 64. Rg8+ Kh2 65. Rh8+ Kg1 66.
Rg8 Rb7 67. Rg6 Rf7 68. Kxd4 Rb7 69. Kc5 Kf1 70. Kc6 Rxb6+ 71. Kxb6 g1=R 72.
Rxg1+ {Game drawn by mutual agreement} 1/2-1/2

[Event "Team 45 45 League T48"]
[Site "Internet Chess Club"]
[Date "2011.03.08"]
[Round "4"]
[White "Despair"]
[Black "CaoCao"]
[Result "0-1"]
[WhiteElo "1965"]
[BlackElo "1922"]
[Opening "Benko's opening"]
[ECO "A00"]
[Time "16:08:37"]
[TimeControl "2700+45"]

1. g3 d5 2. Bg2 c6 3. Nf3 Nd7 4. d4 e6 5. Bf4 Ngf6 6. O-O Be7 7. Qd3 Ne4 8. Nbd2
f5 9. c4 O-O 10. Rac1 g5 11. Be3 f4 12. gxf4 gxf4 13. Nxe4 dxe4 14. Qxe4 fxe3
15. Qxe3 e5 16. dxe5 Nc5 17. Nd4 Ne6 18. Nxe6 Bxe6 19. Be4 Bg5 20. f4 Bh6 21.
Kh1 Kh8 22. Rf2 Qh4 23. Rcf1 Bh3 24. Bg2 Bxg2+ 25. Kxg2 Rg8+ 26. Kh1 Qg4 27. Qf3
Qe6 28. b3 Raf8 29. e3 Rg7 30. Rd2 Rd7 31. Rg2 Rg7 32. Rxg7 Bxg7 33. Qg2 Qf5 34.
e4 Qe6 35. Rf3 Qh6 36. Qg3 Bxe5 37. Qg4 Bxf4 38. Rf2 Be5 39. Rxf8+ Qxf8 40. Qg2
Qf4 41. Qe2 Qc1+ 42. Kg2 Qb2 43. Qxb2 Bxb2 44. Kf3 Kg7 45. a4 Kf6 46. b4 Ke5 47.
Ke3 Bd4+ 48. Kd3 Bg1 49. h3 h5 50. c5 a6 51. Kc4 Kxe4 52. b5 axb5+ 53. axb5 h4
{White resigns} 0-1

[Event "Team 45 45 League T48"]
[Site "Internet Chess Club"]
[Date "2011.03.03"]
[Round "4"]
[White "sombragris35"]
[Black "pishd"]
[Result "0-1"]
[WhiteElo "1765"]
[BlackElo "1710"]
[Opening "Caro-Kann: classical, Spassky variation"]
[ECO "B19"]
[Time "12:04:09"]
[TimeControl "2700+45"]

1. e4 c6 2. d4 d5 3. Nc3 dxe4 4. Nxe4 Bf5 5. Ng3 Bg6 6. h4 h6 7. Nf3 Nd7 8. h5
Bh7 9. Bd3 Bxd3 10. Qxd3 e6 11. Bd2 Ngf6 12. Qe2 Qb6 13. O-O-O Qb5 14. Qxb5 cxb5
15. Ne5 Nxe5 16. dxe5 Ng4 17. Rhf1 Nxe5 18. Bc3 Nc6 19. b3 Ba3+ 20. Kb1 O-O 21.
Rd7 Rab8 22. Rfd1 Rfd8 23. Bb2 Bxb2 24. Kxb2 Rxd7 25. Rxd7 Ne5 26. Rd2 Kf8 27.
Ne4 Ke7 28. f4 Nc6 29. Kc3 Rd8 30. Rxd8 Nxd8 31. Kb4 f5 32. Nc5 b6 33. Nd3 a6
34. Ne5 Kd6 35. c4 bxc4 36. Kxc4 Kc7 37. a4 Nb7 38. b4 Nd6+ 39. Kd4 Ne4 40. g4
Nf6 41. g5 hxg5 42. fxg5 Nxh5 43. Nf3 Kd6 44. b5 a5 45. Ne5 Ng3 46. Nf7+ Ke7 47.
Ne5 Ne4 48. g6 Nc5 49. Nc6+ Kd6 {White resigns} 0-1

[Event "Team 45 45 League T48"]
[Site "Internet Chess Club"]
[Date "2011.03.03"]
[Round "4"]
[White "playwaycool"]
[Black "PandorasBox"]
[Result "1-0"]
[WhiteElo "2102"]
[BlackElo "1933"]
[Opening "Trompowsky attack (Ruth, Opocenský opening)"]
[ECO "A45"]
[Time "17:05:28"]
[TimeControl "2700+45"]

1. d4 Nf6 2. Bg5 h6 3. Bxf6 exf6 4. c3 d5 5. Qc2 Bd6 6. e3 O-O 7. Bd3 c6 8. Ne2
Qc7 9. Nd2 Re8 10. h3 Nd7 11. O-O Nf8 12. e4 dxe4 13. Nxe4 f5 14. Nxd6 Qxd6 15.
Qd2 Ng6 16. Rfe1 Bd7 17. f4 Re7 18. Ng3 Rxe1+ 19. Rxe1 Nh4 20. Qf2 Kf8 21. Re5
f6 22. Re1 g6 23. Nh5 g5 24. fxg5 hxg5 25. g3 Be8 26. gxh4 Bxh5 27. hxg5 f4 28.
Qh4 f3 29. gxf6 f2+ 30. Qxf2 Kf7 31. Bc4+ Kf8 32. Qg2 {Black resigns} 1-0

[Event "Team 45 45 League T48"]
[Site "Internet Chess Club"]
[Date "2011.03.06"]
[Round "4"]
[White "Deckfuel"]
[Black "carokantor"]
[Result "1-0"]
[WhiteElo "1783"]
[BlackElo "1908"]
[Opening "Caro-Kann: Goldman (Spielmann) variation"]
[ECO "B11"]
[Time "12:01:10"]
[TimeControl "2700+45"]

1. e4 c6 2. Nc3 d5 3. Qf3 e6 4. Qg3 Nd7 5. Nf3 dxe4 6. Nxe4 Ndf6 7. Nxf6+ Nxf6
8. d4 Nd5 9. Be2 Nb4 10. O-O Nxc2 11. Bg5 f6 12. Rac1 Nb4 13. Bh4 Qd6 14. Ne5
Qxd4 15. Bh5+ Ke7 16. Rfd1 Qxd1+ 17. Rxd1 Nd5 18. Nf7 g6 19. Nxh8 gxh5 20. Qg8
Bd7 21. Qxh7+ Kd8 22. Qg6 Kc7 23. Bxf6 Bd6 24. Nf7 Bc5 25. Be5+ Kb6 26. Bd4 Bxd4
27. Rxd4 Re8 28. Ne5 Re7 29. h4 Be8 30. Qg8 Bd7 31. Nxd7+ Rxd7 32. Qe8 Rd6 33.
Qxh5 a5 34. Qe5 Rd8 35. Qxe6 Ka6 36. h5 Rh8 37. Rxd5 {Black resigns} 1-0

[Event "Team 45 45 League T48"]
[Site "Internet Chess Club"]
[Date "2011.03.08"]
[Round "4"]
[White "Holzschlange"]
[Black "ChessAuthor"]
[Result "1-0"]
[WhiteElo "1849"]
[BlackElo "1757"]
[Opening "English: symmetrical variation"]
[ECO "A16"]
[Time "16:01:55"]
[TimeControl "2700+45"]

1. c4 Nf6 2. Nc3 c5 3. g3 g6 4. Bg2 Bg7 5. e4 d6 6. Nge2 Nc6 7. d4 cxd4 8. Nxd4
Nxd4 9. Qxd4 O-O 10. O-O Be6 11. h3 Rc8 12. b3 Nxe4 13. Qxe4 Bxc3 14. Bh6 Bxa1
15. Rxa1 b6 16. Qd4 f6 17. Re1 Bf7 18. Bxf8 Qxf8 19. Qe4 Rc7 20. f4 f5 21. Qd4
Qg7 22. Qe3 e5 23. fxe5 Re7 24. Qf3 dxe5 25. Qa8+ Qf8 26. Qc6 e4 27. Kf2 Qd8 28.
Re2 Qd4+ 29. Kf1 Rd7 30. g4 Qd6 31. Qxd6 Rxd6 32. gxf5 gxf5 33. Kf2 Bh5 34. Rc2
Kg7 35. Ke3 Rd3+ 36. Kf4 Kf6 37. c5 Bf3 38. cxb6 Bxg2 39. Rc6+ Ke7 40. bxa7 Rd8
41. Rc7+ Kd6 42. Rc2 Bf1 43. Rc1 Bd3 44. Rg1 Re8 45. Ke3 Ke5 46. Rg7 f4+ 47. Kd2
Bb1 48. Re7+ Rxe7 49. a8=Q Rd7+ 50. Ke1 Bc2 51. Qa5+ Ke6 52. Qb4 Rd1+ 53. Ke2
f3+ 54. Ke3 Rd3+ 55. Kf2 Kf5 56. Qc5+ Kf4 57. Qc7+ Kg5 58. Qxc2 Kf4 59. Qc7+ Kg5
60. Qe5+ {Black resigns} 1-0

[Event "Team 45 45 League T48"]
[Site "Internet Chess Club"]
[Date "2011.03.06"]
[Round "4"]
[White "mitus"]
[Black "vaknight"]
[Result "1/2-1/2"]
[WhiteElo "1813"]
[BlackElo "1740"]
[Opening "Pirc defense"]
[ECO "B07"]
[Time "15:01:34"]
[TimeControl "2700+45"]

1. e4 d6 2. d4 Nf6 3. Nc3 g6 4. h3 Bg7 5. Be3 O-O 6. Qd2 c5 7. dxc5 dxc5 8. Qxd8
Rxd8 9. Bxc5 Nc6 10. Rd1 Rxd1+ 11. Kxd1 Nd7 12. Ba3 a6 13. Nd5 e6 14. Nf4 b5 15.
b3 Bb7 16. Nd3 Rd8 17. Kc1 Bd4 18. Nf3 Bg7 19. Bb2 f6 20. Kb1 Bf8 21. Be2 Kf7
22. Rd1 Nc5 23. Nd2 Nd4 24. Bxd4 Rxd4 25. f3 e5 26. Nxc5 Bxc5 27. c3 Rd6 28. b4
Be3 29. Nb3 Ke7 30. Na5 Bc8 31. Rxd6 Kxd6 32. Kc2 Bb6 33. Nb3 Be6 34. Nd2 Bxa2
35. c4 Bxc4 36. Bxc4 bxc4 37. Nxc4+ Kc6 38. Nxb6 Kxb6 39. Kc3 Kb5 40. g3 g5 41.
h4 gxh4 42. gxh4 h5 43. Kb3 Kc6 44. Kc4 Kd6 {Game drawn by mutual agreement}
1/2-1/2

[Event "Team 45 45 League T48"]
[Site "Internet Chess Club"]
[Date "2011.03.03"]
[Round "4"]
[White "rayonline53"]
[Black "clarinetref"]
[Result "1-0"]
[WhiteElo "1620"]
[BlackElo "1613"]
[Opening "Sicilian: Scheveningen (Paulsen), classical variation"]
[ECO "B84"]
[Time "16:06:36"]
[TimeControl "2700+45"]

1. e4 c5 2. Nf3 d6 3. d4 cxd4 4. Nxd4 Nf6 5. Nc3 a6 6. Be2 e6 7. Bg5 Be7 8. f4
Qc7 9. O-O Nc6 10. Bf3 h6 11. Nxc6 bxc6 12. Bh4 Bb7 13. Bf2 O-O 14. Qd2 c5 15.
Rae1 Nd7 16. Bg3 Rfd8 17. Kh1 Nb6 18. Qc1 Bf6 19. e5 dxe5 20. Bxb7 Qxb7 21. fxe5
Bg5 22. Bf4 Bxf4 23. Rxf4 Rd4 24. Rxd4 cxd4 25. Ne4 Nd7 26. Qf4 Rf8 27. b3 Qd5
28. Nd6 f6 29. exf6 Rxf6 30. Qg3 e5 31. Nc4 Qf7 32. Kg1 Rg6 33. Qf2 Rf6 34. Qg3
e4 35. Ne5 Nxe5 36. Qxe5 e3 37. Qxd4 e2 38. Qd3 Rf2 39. Qxa6 Qf5 40. Qc4+ Kh8
41. h3 Qf6 42. Qd3 Qb6 43. Kh1 Qb7 44. Qg3 Rf1+ 45. Kh2 Qe7 46. c4 Qc5 47. Qb8+
Kh7 48. Rxe2 Qg1+ 49. Kg3 Qd4 50. Qe5 Qd8 51. Qe4+ Kh8 52. Qe8+ Rf8 53. Qxd8
Rxd8 54. Kf3 Kg8 55. Ke3 Kf7 56. Rd2 Re8+ 57. Kd3 Re5 58. Kc3 Re3+ 59. Kb4 g5
60. Kb5 h5 61. c5 Re5 62. Kb6 g4 63. hxg4 hxg4 64. c6 {Black resigns} 1-0

[Event "Team 45 45 League T48"]
[Site "Internet Chess Club"]
[Date "2011.03.05"]
[Round "4"]
[White "tryanything"]
[Black "Giacometti"]
[Result "0-1"]
[WhiteElo "1558"]
[BlackElo "1740"]
[Opening "Dutch defense"]
[ECO "A84"]
[Time "17:39:00"]
[TimeControl "2700+45"]

1. d4 f5 2. c4 Nf6 3. Nf3 g6 4. b3 Bg7 5. Bb2 O-O 6. e3 d6 7. Be2 c6 8. O-O Qc7
9. Nc3 Nbd7 10. Rc1 e5 11. dxe5 Nxe5 12. Qc2 Nxf3+ 13. Bxf3 Be6 14. Ne2 Rad8 15.
Nf4 Bf7 16. h4 Qc8 17. g3 d5 18. cxd5 Nxd5 19. Bxg7 Kxg7 20. Nxd5 Bxd5 21. Bxd5
Rxd5 22. Rfd1 Rfd8 23. Rxd5 Rxd5 24. Qc4 Qd7 25. Rc2 Rd1+ 26. Kg2 Qd5+ 27. Qxd5
Rxd5 28. f4 Kf6 29. Kf2 Ke6 30. Ke2 h5 31. Rc3 Kd6 32. a3 c5 33. Rd3 Rxd3 34.
Kxd3 Kd5 35. a4 a6 36. Ke2 b5 37. axb5 axb5 38. Kd2 Ke4 39. Ke2 c4 40. bxc4 bxc4
41. Kd2 c3+ 42. Kxc3 Kxe3 43. Kc4 Kf3 44. Kd5 Kxg3 45. Ke6 Kxf4 46. Kf6 Kg4 47.
Kxg6 f4 {White resigns} 0-1

[Event "Team 45 45 League T48"]
[Site "Internet Chess Club"]
[Date "2011.03.04"]
[Round "4"]
[White "oldprez"]
[Black "PostMike"]
[Result "1-0"]
[WhiteElo "1405"]
[BlackElo "1455"]
[Opening "Sicilian: dragon variation"]
[ECO "B70"]
[Time "14:04:04"]
[TimeControl "2700+45"]

1. e4 c5 2. Nf3 d6 3. d4 cxd4 4. Nxd4 Nf6 5. Nc3 g6 6. Be2 Bg7 7. O-O O-O 8. Be3
a6 9. Rb1 Qc7 10. f4 Nc6 11. f5 Bd7 12. fxg6 hxg6 13. Qd2 Nxd4 14. Bxd4 Rac8 15.
Rf4 Bh6 16. Rbf1 e5 17. Be3 Bxf4 18. Bxf4 Bg4 19. Bh6 Bxe2 20. Rxf6 Rfd8 21.
Qxe2 Qb6+ 22. Qf2 Qxb2 23. Nd5 Qb1+ 24. Qf1 Qxf1+ 25. Kxf1 Rxc2 26. Ne7+ Kh7 27.
Bg5 Kg7 28. h4 Rd7 29. Nd5 Rxa2 30. h5 gxh5 31. Bh6+ Kh7 32. Bf8 Kg8 33. Bxd6
Rd8 34. Bxe5 Ra1+ 35. Kf2 Ra2+ 36. Kg3 h4+ 37. Kh3 Kh7 38. Rxf7+ Kg6 39. Rf6+
Kh7 40. Rf7+ Kg8 41. Rg7+ Kf8 42. Rh7 Re8 43. Bd6+ Kg8 44. Nf6# {Black
checkmated} 1-0

[Event "Team 45 45 League T48"]
[Site "Internet Chess Club"]
[Date "2011.03.05"]
[Round "4"]
[White "rubo"]
[Black "Duguesclin"]
[Result "0-1"]
[WhiteElo "1678"]
[BlackElo "1661"]
[Opening "Bird's opening"]
[ECO "A03"]
[Time "16:11:13"]
[TimeControl "2700+45"]

1. f4 d5 2. g3 c6 3. Nf3 Bg4 4. Bg2 Nd7 5. O-O Qb6+ 6. Kh1 Ngf6 7. d3 h5 8. Qe1
e6 9. Nbd2 Bc5 10. e4 dxe4 11. Nxe4 Nxe4 12. dxe4 Nf6 13. Ne5 h4 14. gxh4 O-O-O
15. Qg3 Be2 16. Nxf7 Bxf1 17. Nxd8 Bxg2+ 18. Qxg2 Rxd8 19. Qf3 Qb4 20. e5 Qe1+
21. Kg2 Ne4 22. f5 Qg1+ 23. Kh3 Nf2+ {White resigns} 0-1

[Event "Team 45 45 League T48"]
[Site "Internet Chess Club"]
[Date "2011.03.08"]
[Round "4"]
[White "aphort0212"]
[Black "Portola"]
[Result "1-0"]
[WhiteElo "1638"]
[BlackElo "1791"]
[Opening "French: Tarrasch"]
[ECO "C03"]
[Time "19:02:27"]
[TimeControl "2700+45"]

1. e4 e6 2. d4 d5 3. Nd2 dxe4 4. Nxe4 Be7 5. Nf3 Nf6 6. Bd3 Nbd7 7. O-O O-O 8.
Ne5 Nxe4 9. Bxe4 c5 10. Qh5 Nf6 11. Qf3 Qxd4 12. Bxb7 Bxb7 13. Qxb7 Qxe5 14.
Qxe7 Rfd8 15. Be3 Ng4 16. Qh4 Nxe3 17. fxe3 Qxe3+ 18. Kh1 Qe2 19. Qe7 Qh5 20.
Qb7 a5 21. Rf3 Rf8 22. Raf1 Rad8 23. Qe4 Qg6 24. Qe5 Qxc2 25. Qc7 f5 26. Rg3
Qxb2 27. Qxc5 Qxa2 28. Qc7 Qb2 29. Qxa5 Qd4 30. Qa6 Qd5 31. Re1 e5 32. Qb6 e4
33. Qc7 Qf7 34. Qf4 Rde8 35. h3 Rc8 36. Rge3 Rcd8 37. Rg3 Rd3 38. Rxd3 exd3 39.
Qd4 Qb3 40. Re7 Qb1+ 41. Kh2 Qb8+ 42. Kh1 Qg3 43. Qd5+ Kh8 44. Qf7 Rg8 45. Re8
Qb8 46. Qxg8# {Black checkmated} 1-0

[Event "Team 45 45 League T48"]
[Site "Internet Chess Club"]
[Date "2011.03.06"]
[Round "4"]
[White "g8wrb"]
[Black "Oscar"]
[Result "1-0"]
[WhiteElo "1423"]
[BlackElo "1488"]
[Opening "Sicilian: Alapin's variation (2.c3)"]
[ECO "B22"]
[Time "16:04:15"]
[TimeControl "2700+45"]

1. e4 c5 2. c3 Nc6 3. Nf3 e6 4. d4 cxd4 5. cxd4 Nf6 6. Nc3 Bb4 7. Bd3 d5 8. Qc2
h6 9. O-O O-O 10. e5 Nd7 11. a3 Ba5 12. Be3 a6 13. Rad1 b5 14. Nxb5 axb5 15.
Qxc6 Rb8 16. Rc1 Bb7 17. Qd6 Ba8 18. Rc2 Rb6 19. Qc7 Rb7 20. Qxd8 Rxd8 21. Rfc1
Rbb8 22. b4 Bb6 23. Bxb5 Nf8 24. Bc6 Ng6 25. Bxa8 Rxa8 26. Rc6 Rdb8 27. R1c3 Ne7
28. Rd6 Bd8 29. Bc1 Rc8 30. Rc5 Ng6 31. Rdc6 Ne7 32. Rxc8 Nxc8 33. h3 Nb6 34.
Nd2 Na4 35. Rc6 Bb6 36. Nb3 Kf8 37. Nc5 Bxc5 38. dxc5 Nc3 39. Kf1 Ke8 40. Rb6
Rc8 41. Bb2 Na4 42. Bd4 Nxb6 43. cxb6 Kd7 44. a4 Rb8 45. Ke2 Kc6 46. b5+ Kb7 47.
a5 Ra8 48. a6+ Kb8 49. Kd3 g6 50. Kc3 h5 51. f4 h4 52. Kb4 g5 53. fxg5 Ra7 54.
bxa7+ Ka8 55. Ka5 f6 56. b6 fxe5 57. b7# {Black checkmated} 1-0

[Event "Team 45 45 League T48"]
[Site "Internet Chess Club"]
[Date "2011.03.06"]
[Round "4"]
[White "sdcohle"]
[Black "AtomicDog"]
[Result "1-0"]
[WhiteElo "1406"]
[BlackElo "1367"]
[Opening "Queen's Indian defense"]
[ECO "A47"]
[Time "15:00:35"]
[TimeControl "2700+45"]

1. d4 Nf6 2. Nf3 b6 3. b3 e6 4. Bb2 Bb7 5. e3 c5 6. Be2 cxd4 7. Bxd4 Nc6 8. Bb2
Bb4+ 9. c3 Be7 10. O-O O-O 11. Nbd2 d5 12. c4 Rc8 13. Rc1 Rc7 14. cxd5 Nxd5 15.
Nc4 Qc8 16. Nfe5 Rd8 17. Qe1 Nf6 18. Bf3 Qa8 19. Nxc6 Bxc6 20. Bxc6 Rxc6 21. Qe2
Rdc8 22. Qf3 Nd5 23. Ne5 Rc2 24. Qxf7+ {Black resigns} 1-0

[Event "Team 45 45 League T48"]
[Site "Internet Chess Club"]
[Date "2011.03.06"]
[Round "4"]
[White "Monsoon-Smith"]
[Black "chiiwen"]
[Result "1/2-1/2"]
[WhiteElo "1947"]
[BlackElo "2165"]
[Opening "QGD Slav: 4.Nc3"]
[ECO "D15"]
[Time "16:30:45"]
[TimeControl "2700+45"]

1. d4 d5 2. c4 c6 3. Nf3 Nf6 4. Nc3 a6 5. e3 b5 6. b3 Bg4 7. Be2 Nbd7 8. O-O e6
9. Bb2 Bd6 10. h3 Bh5 11. Ne5 Bxe2 12. Nxe2 Qc7 13. cxd5 cxd5 14. Rc1 Qb8 15. f4
O-O 16. Ng3 Qb7 17. Rc2 Rac8 18. Rff2 g6 19. Rxc8 Rxc8 20. Rc2 Ne8 21. Qc1 Rxc2
22. Qxc2 Nxe5 23. fxe5 Be7 24. Ne2 Ng7 25. g4 h5 26. Nf4 hxg4 27. hxg4 Ne8 28.
Kg2 a5 29. Kf3 Nc7 30. e4 a4 31. exd5 Nxd5 32. Qe4 Kf8 33. Nxd5 Qxd5 34. Qxd5
exd5 35. Kf4 Ke8 36. Bc3 Kd7 37. b4 Ke6 38. g5 {Game drawn by mutual agreement}
1/2-1/2

[Event "Team 45 45 League T48"]
[Site "Internet Chess Club"]
[Date "2011.03.06"]
[Round "4"]
[White "AronT"]
[Black "Phosphorus"]
[Result "0-1"]
[WhiteElo "2078"]
[BlackElo "2103"]
[Opening "King's Indian: Averbakh system"]
[ECO "E73"]
[Time "06:37:56"]
[TimeControl "2700+45"]

1. d4 Nf6 2. c4 g6 3. Nc3 Bg7 4. e4 d6 5. Be2 O-O 6. Bg5 Na6 7. Qd2 e5 8. d5 Nc5
9. f3 a5 10. g4 c6 11. O-O-O cxd5 12. Nxd5 Ne6 13. Be3 Nd4 14. Bxd4 exd4 15. Bd3
Nxd5 16. cxd5 Bd7 17. Ne2 Qb6 18. Kb1 a4 19. h4 a3 20. h5 axb2 21. Qxb2 Qa7 22.
Rc1 b5 23. Rc2 b4 24. Nc1 g5 25. Ka1 h6 26. Rc4 b3 27. Qxb3 Rfb8 28. Qc2 Ba4 29.
Qd2 Be5 30. Rb4 Rxb4 31. Qxb4 Rb8 32. Qa3 Bc2 33. Qb2 Rxb2 {White resigns} 0-1

[Event "Team 45 45 League T48"]
[Site "Internet Chess Club"]
[Date "2011.03.03"]
[Round "4"]
[White "Freitac"]
[Black "Atlantis"]
[Result "1-0"]
[WhiteElo "1986"]
[BlackElo "1847"]
[Opening "Queen's Indian: Capablanca variation"]
[ECO "E16"]
[Time "17:03:46"]
[TimeControl "2700+45"]

1. d4 Nf6 2. c4 e6 3. Nf3 b6 4. g3 Bb7 5. Bg2 Bb4+ 6. Bd2 Bxd2+ 7. Nbxd2 O-O 8.
O-O d5 9. Qc2 Nbd7 10. Rac1 Rc8 11. Qa4 a6 12. c5 b5 13. Qc2 c6 14. e4 dxe4 15.
Nxe4 Nxe4 16. Qxe4 Nf6 17. Qe2 a5 18. Rcd1 b4 19. Ne5 Nd5 20. f4 Ra8 21. Be4 Ba6
22. Bd3 Bxd3 23. Rxd3 Qc7 24. Nc4 Rfd8 25. Nd6 Nf6 26. f5 exf5 27. Rxf5 Rf8 28.
Re5 Nd5 29. Rf3 Qd7 30. Ref5 f6 31. Rf1 Ne7 32. R5f4 Nc8 33. Nf5 Na7 34. Nxg7
Kxg7 35. Qh5 Qf7 36. Qh4 Qe6 37. Re4 Qf7 38. Ref4 Qe6 39. Re4 Qf7 40. Rf5 Rae8
41. Ref4 Re1+ 42. Kf2 Qe6 43. Rg4+ Kh8 44. Qxh7+ Kxh7 45. Rh5# {Black
checkmated} 1-0

[Event "Team 45 45 League T48"]
[Site "Internet Chess Club"]
[Date "2011.03.06"]
[Round "4"]
[White "Ben777"]
[Black "Uragon-bocho"]
[Result "1-0"]
[WhiteElo "1802"]
[BlackElo "1951"]
[Opening "Sicilian: Nimzovich-Rubinstein variation"]
[ECO "B29"]
[Time "17:00:13"]
[TimeControl "2700+45"]

1. e4 c5 2. Nf3 Nf6 3. Nc3 e6 4. d4 cxd4 5. Nxd4 Nc6 6. Be3 a6 7. Be2 d5 8. exd5
exd5 9. Qd2 Bb4 10. a3 Ne4 11. Nxc6 bxc6 12. Qd4 Bxc3+ 13. bxc3 O-O 14. O-O Re8
15. Rfd1 f5 16. c4 c5 17. Qxd5+ Qxd5 18. cxd5 Nc3 19. Bc4 Nxd1 20. Rxd1 Bd7 21.
h3 h6 22. Bxc5 Rac8 23. d6+ Kf8 24. Rd5 Re1+ 25. Kh2 Rc6 26. Bb4 Re6 27. Rxf5+
Rf6 28. Rxf6+ gxf6 29. Bb3 Ke8 30. Kg3 a5 31. Bxa5 Rxd6 32. Kf4 Be6 33. Bb4 Rb6
34. Ke4 Kf7 35. f4 Rc6 36. f5 Bxb3 37. cxb3 Rc2 38. a4 Rb2 39. a5 Rxb3 40. Bd2
Ra3 41. Kd4 h5 42. Bb4 Ra2 43. Kc5 Rxg2 44. a6 Rg8 45. a7 Kg7 46. Kb6 h4 47. Bd6
Ra8 48. Kb7 Rxa7+ 49. Kxa7 Kh6 50. Bf4+ Kh5 51. Bd6 Kg5 52. Bb4 Kxf5 53. Be1 Kf4
54. Bxh4 f5 55. Be1 Kf3 56. h4 Kg4 57. Kb6 f4 58. Kc5 f3 59. Kd4 {Black resigns}
1-0

[Event "Team 45 45 League T48"]
[Site "Internet Chess Club"]
[Date "2011.03.03"]
[Round "4"]
[White "Pason"]
[Black "Geeloo"]
[Result "0-1"]
[WhiteElo "2052"]
[BlackElo "2103"]
[Opening "Queen's pawn game, Chigorin variation"]
[ECO "D02"]
[Time "14:16:04"]
[TimeControl "2700+45"]

1. d4 d5 2. Nf3 Nc6 3. c4 Bg4 4. e3 e5 5. dxe5 dxc4 6. Qa4 Bxf3 7. gxf3 Qd5 8.
Bg2 Bb4+ 9. Bd2 Bxd2+ 10. Nxd2 Ne7 11. O-O Qxd2 {White resigns} 0-1

[Event "Team 45 45 League T48"]
[Site "Internet Chess Club"]
[Date "2011.03.07"]
[Round "4"]
[White "perikitosax"]
[Black "Dreamshell"]
[Result "1-0"]
[WhiteElo "2031"]
[BlackElo "1884"]
[Opening "Nimzo-Indian: Kmoch variation"]
[ECO "E20"]
[Time "13:06:39"]
[TimeControl "2700+45"]

1. d4 Nf6 2. c4 e6 3. Nc3 Bb4 4. f3 d5 5. a3 Bxc3+ 6. bxc3 O-O 7. e3 c5 8. Bd3
Nc6 9. cxd5 exd5 10. Ne2 Re8 11. O-O b6 12. Ng3 Bb7 13. Ra2 Rc8 14. Re2 cxd4 15.
cxd4 Na5 16. Qe1 h6 17. Bb2 Nc4 18. Ba1 Qd6 19. e4 Qxa3 20. Qb1 a5 21. e5 Nd7
22. Rfe1 Rc6 23. f4 Ba6 24. f5 Nf8 25. Rf2 f6 26. Qd1 Rec8 27. Nh5 Nb2 28. Qg4
{Black resigns} 1-0

[Event "Team 45 45 League T48"]
[Site "Internet Chess Club"]
[Date "2011.03.05"]
[Round "4"]
[White "CapitanTrueno"]
[Black "musk6868"]
[Result "0-1"]
[WhiteElo "1741"]
[BlackElo "1916"]
[Opening "Sicilian: Alapin's variation (2.c3)"]
[ECO "B22"]
[Time "08:05:26"]
[TimeControl "2700+45"]

1. e4 c5 2. c3 d5 3. exd5 Qxd5 4. d4 Nf6 5. Nf3 Bg4 6. Be2 e6 7. O-O Be7 8. Be3
O-O 9. dxc5 Qh5 10. h3 Bf5 11. Nd4 Qg6 12. Nxf5 Qxf5 13. Bf3 Nc6 14. b4 Rfd8 15.
Qb3 Ne4 16. Bxe4 Qxe4 17. Nd2 Qf5 18. Nc4 Rd3 19. Rad1 Rad8 20. Rxd3 Rxd3 21.
Nb2 Rd5 22. Rd1 Bf6 23. Rxd5 exd5 24. Nd1 Qd3 25. Kh2 h6 26. b5 Na5 27. Qa4 Nc4
28. Bd4 Bxd4 29. cxd4 Qxd4 30. c6 bxc6 31. bxc6 g6 32. Kg1 Qc5 33. Qa6 Nb6 34.
Qb7 Qc1 35. Qb8+ Kh7 36. Qxa7 Qxd1+ 37. Kh2 Qd4 38. Qxf7+ Qg7 39. Qe6 Qc7+ 40.
Kg1 h5 41. Kf1 Kg7 42. a4 Kh6 43. a5 Nc4 44. Qxd5 Nxa5 45. Qd2+ Kh7 46. Qd7+
Qxd7 47. cxd7 Nc6 48. g4 h4 49. g5 Kg7 50. Kg2 Kf7 51. Kf3 Ne5+ 52. Kf4 Nxd7 53.
Kg4 Ke6 54. f4 Nc5 55. Kxh4 Kf5 56. Kg3 Ne6 57. h4 Nxf4 58. Kf3 Nh5 {White
resigns} 0-1